 Dungeon Crawl Stone Soup version 0.21-a0-238-geb0acef (webtiles) character file.

10879 MirrMurr the Basher (level 11, -20/102 HPs)
             Began as a Hill Orc Berserker on Sept 2, 2017.
             Was a High Priest of Trog.
             Demolished by Herrn's ghost (22 damage)
             ... on level 11 of the Dungeon.
             The game lasted 00:32:12 (11224 turns).

MirrMurr the Basher (Hill Orc Berserker)           Turns: 11224, Time: 00:32:12

Health: -20/102    AC: 20    Str: 27    XL:     11   Next: 69%
Magic:  11/11      EV:  8    Int:  7    God:    Trog [*****.]
Gold:   816        SH:  0    Dex: 15    Spells: 10/10 levels left

rFire    . . .     SeeInvis .   a - +2 dire flail (holy)
rCold    . . .     Gourm    .   (shield currently unavailable)
rNeg     . . .     Faith    .   E - +0 plate armour
rPois    +         Spirit   .   U - +0 helmet
rElec    .         Reflect  .   (no cloak)
rCorr    .         Harm     .   u - +2 pair of gloves
MR       ++...                  O - +0 pair of boots
Stlth    ..........             (no amulet)
HPRegen  1.27/turn              y - ring of poison resistance
MPRegen  0.12/turn              R - +3 ring of dexterity

@: mighty, regenerating
A: no striking features
a: Berserk, Trog's Hand, Brothers in Arms, Burn Spellbooks, Renounce Religion


You were on level 11 of the Dungeon.
You worshipped Trog.
Trog was extremely pleased with you.
You were not hungry.

You visited 2 branches of the dungeon, and saw 12 of its levels.
You also visited: Sewer.

You collected 816 gold pieces.

Inventory:

Hand Weapons
 a - a +2 dire flail of holy wrath (weapon)
 b - a +0 hunting sling
 s - a +0 mace
 F - a +2 flail
Missiles
 d - 4 throwing nets {!f}
 e - 3 poisoned tomahawks (quivered)
 j - 303 stones
 v - 69 sling bullets
Armour
 u - a +2 pair of gloves (worn)
 E - a +0 plate armour (worn)
 O - a +0 pair of boots (worn)
 U - a +0 helmet (worn)
Jewellery
 l - an uncursed ring of flight
 y - a ring of poison resistance (left hand)
 R - a +3 ring of dexterity (right hand)
Wands
 n - a wand of iceblast (11/15)
 A - a wand of iceblast (5/15)
 C - a wand of lightning (8/15)
 I - a wand of acid (10/15)
 K - a wand of random effects (24/48)
 N - a wand of confusion (29/48)
 S - a wand of acid (15/15)
Scrolls
 f - 7 scrolls of teleportation
 r - 3 scrolls of remove curse
 w - a scroll of blinking
 D - a scroll of identify
 J - 2 scrolls of enchant weapon
 Q - a scroll of enchant armour
 V - a scroll of magic mapping
Potions
 g - a potion of resistance
 h - 3 potions of brilliance
 m - a potion of cancellation {unknown}
 o - a potion of agility
 p - a potion of invisibility
 q - 5 potions of haste
 x - 2 potions of ambrosia
 B - 6 potions of curing
 G - 2 potions of mutation
 L - a potion of flight
 T - a potion of lignification
Books
 t - a book of Changes

   Spells                             Type                      Level
   a - Beastly Appendage              Transmutation                1
   b - Sticks to Snakes               Transmutation                2
   c - Spider Form                    Transmutation/Poison         3
   d - Ice Form                       Ice/Transmutation            4
   e - Blade Hands                    Transmutation                5
   Trog disapproves of the use of such an item.
 H - a book of Changes

   Spells                             Type                      Level
   a - Beastly Appendage              Transmutation                1
   b - Sticks to Snakes               Transmutation                2
   c - Spider Form                    Transmutation/Poison         3
   d - Ice Form                       Ice/Transmutation            4
   e - Blade Hands                    Transmutation                5
   Trog disapproves of the use of such an item.
 M - a book of Cantrips

   Spells                             Type                      Level
   a - Confusing Touch                Hexes                        1
   b - Animate Skeleton               Necromancy                   1
   c - Summon Small Mammal            Summoning                    1
   d - Apportation                    Translocation                1
   Trog disapproves of the use of such an item.
Comestibles
 c - 9 bread rations
 i - 9 meat rations
 z - 2 chunks of flesh
 P - 7 royal jellies


   Skills:
 + Level 11.5 Fighting
 * Level 13.9 Maces & Flails
 + Level 10.0 Armour
 - Level 1.5 Dodging


You had 10 spell levels left.
You didn't know any spells.

Dungeon Overview and Level Annotations

Branches:
Dungeon (11/15)            Temple (1/1) D:6            Lair (0/6) D:10
    Orc (0/2) D:10

Altars:
Ashenzari
Cheibriados
Dithmenos
Gozag
Qazlal
Ru
Sif Muna
Vehumet
Xom
Yredelemnul

Shops:
D:5 }

Annotations:
D:5 exclusion: door
D:11 Herrn's ghost, journeyman NaFE


Message History

Herrn's ghost is severely damaged.
You hit Herrn's ghost but do no damage.
Herrn's ghost is severely damaged.
Herrn's ghost hits you but does no damage.
You thump Herrn's ghost!
Herrn's ghost convulses.
Herrn's ghost is almost destroyed.
You closely miss Herrn's ghost.
Herrn's ghost is almost destroyed.
Herrn's ghost points at you and mumbles some strange words.
The flame tongue hits you!
* * * LOW HITPOINT WARNING * * *
You closely miss Herrn's ghost.
Herrn's ghost is almost destroyed.
Herrn's ghost hits you!!
* * * LOW HITPOINT WARNING * * *
Unknown command.
It was a potion of might.
You feel very mighty all of a sudden. Herrn's ghost hits you!!
You die...

....##...#..# #..#
#..# #..#
....##...#..# #..#
#..# #..#
....##...#..# #..#
#..# #..#
....##W..#..# #..#
#..# #..#
.........#..# #..#
#..###..#
.....##.....# #..#
#.......###
.....##.....# #..#
#..........
.....##.....# #..#
#..........
.....##.###.# #@.#
#........## .<...##.#
#.####W)#####........#
.....##.#
#....................#
.....##.#
#......######........#
.....##.# #......#
#........# .....#
#......# #........#
.....# #......#
#........# .....#
#......# #........#
.....# #......#
#........#


You could see Herrn's ghost.

Vanquished Creatures
  Harold (D:11)
  2 two-headed ogres
  An unseen horror (D:10)
  Pikel (D:4)
  The ghost of Chiseanne the Covert, a novice SpAs of Wu Jian (D:9)
  A centaur zombie (D:11)
  A queen bee (D:11)
  3 hippogriffs
  Grinder (D:4)
  3 yaks (D:11)
  A hungry ghost (D:11)
  2 hell hounds (D:10)
  4 sky beasts
  A phantom (D:5)
  3 ice beasts
  3 orc warriors
  9 ogres
  3 centaurs
  Blork the orc (D:6)
  10 bullfrogs
  2 wyvern zombies
  5 scorpions
  21 killer bees
  3 crimson imps
  3 bullfrog zombies
  A howler monkey (D:6)
  3 jellies
  A bullfrog skeleton (D:11)
  3 orc priests
  2 centaur skeletons
  5 hounds
  12 orc wizards
  An iguana (D:9)
  5 worker ants
  A hound zombie (D:7)
  2 worker ant zombies
  4 gnolls (D:8)
  19 adders
  5 shadow imps
  An ooze (D:1)
  A worm (D:2)
  A dart slug (D:1)
  12 leopard geckos
  30 orcs
  5 ball pythons
  11 bats
  7 giant cockroaches
  17 goblins
  7 hobgoblins
  16 jackals
  3 quokkas
  7 frilled lizards
  A jackal skeleton (D:8)
  8 kobolds
  7 rats
284 creatures vanquished.

Vanquished Creatures (others)
  An adder (D:2)
  A ball python (D:4)
  A bat (D:2)
  A quokka (D:4)
4 creatures vanquished.

Grand Total: 288 creatures vanquished

Notes
Turn   | Place    | Note
-------+----------+-------------------------------------------
     0 | D:1      | MirrMurr the Hill Orc Berserker began the quest for the Orb.
     0 | D:1      | Reached XP level 1. HP: 19/19 MP: 1/1
   121 | D:1      | You fall through a shaft!
   182 | D:2      | Reached XP level 2. HP: 25/27 MP: 2/2
   398 | D:1      | Reached XP level 3. HP: 33/33 MP: 3/3
   587 | D:1      | Reached skill level 4 in Maces & Flails
  1197 | D:2      | Found a sacrificial altar of Ru.
  1310 | D:2      | Reached XP level 4. HP: 40/40 MP: 4/4
  1482 | D:2      | Reached ** piety under Trog
  2047 | D:2      | Found a stormy altar of Qazlal.
  2178 | D:3      | Found a radiant altar of Vehumet.
  2183 | D:3      | Found a shimmering altar of Xom.
  2186 | D:3      | Reached XP level 5. HP: 42/47 MP: 5/5
  2601 | D:3      | Noticed an ogre
  2627 | D:3      | Killed an ogre
  2627 | D:3      | Reached skill level 5 in Fighting
  2627 | D:3      | Reached skill level 5 in Maces & Flails
  2627 | D:3      | Reached XP level 6. HP: 56/56 MP: 6/6
  2640 | D:3      | Reached *** piety under Trog
  2910 | D:4      | Noticed Grinder
  2919 | D:4      | Killed Grinder
  2919 | D:4      | Reached skill level 6 in Maces & Flails
  2919 | D:4      | Reached XP level 7. HP: 42/62 MP: 7/7
  2953 | D:4      | Noticed Pikel
  2976 | D:4      | Killed Pikel
  2976 | D:4      | Reached skill level 7 in Maces & Flails
  2976 | D:4      | Reached skill level 5 in Armour
  2976 | D:4      | Reached XP level 8. HP: 64/71 MP: 8/8
  3012 | D:4      | Found a shattered altar of Ashenzari.
  3079 | D:4      | Reached skill level 8 in Maces & Flails
  3390 | D:5      | Entered Level 5 of the Dungeon
  3708 | D:5      | Found a deep blue altar of Sif Muna.
  3911 | D:5      | Found Sydgh's Gadget Shoppe.
  4105 | D:5      | Reached **** piety under Trog
  4477 | D:5      | Reached skill level 9 in Maces & Flails
  4647 | D:6      | Found a glowing drain.
  4681 | Sewer    | Entered a sewer
  4825 | Sewer    | Reached XP level 9. HP: 75/79 MP: 9/9
  5200 | D:6      | Identified a scroll of acquirement
  5929 | D:6      | Noticed Blork the orc
  5938 | D:6      | Killed Blork the orc
  5938 | D:6      | Reached skill level 10 in Maces & Flails
  6197 | D:6      | Found a staircase to the Ecumenical Temple.
  6390 | Temple   | Entered the Ecumenical Temple
  6504 | D:7      | Received a gift from Trog
  6849 | D:7      | Found a snail-covered altar of Cheibriados.
  7262 | D:8      | Reached skill level 11 in Maces & Flails
  7293 | D:8      | You fall through a shaft for 3 floors!
  7361 | D:11     | Reached XP level 10. HP: 91/91 MP: 10/10
  7376 | D:10     | Entered Level 10 of the Dungeon
  7611 | D:8      | Found a shadowy altar of Dithmenos.
  7730 | D:8      | Found a radiant altar of Vehumet.
  7925 | D:8      | Noticed a two-headed ogre
  7934 | D:8      | Killed a two-headed ogre
  8087 | D:8      | Reached skill level 12 in Maces & Flails
  8415 | D:9      | Reached skill level 10 in Fighting
  8501 | D:9      | Noticed Chiseanne's ghost (novice SpAs)
  8553 | D:9      | Killed Chiseanne's ghost
  8725 | D:9      | Found a sacrificial altar of Ru.
  8746 | D:9      | Found a basalt altar of Yredelemnul.
  9523 | D:10     | Killed an unseen horror
  9523 | D:10     | Reached XP level 11. HP: 65/101 MP: 11/11
  9660 | D:10     | Found a staircase to the Lair.
  9798 | D:10     | Reached skill level 13 in Maces & Flails
  9892 | D:10     | Found a staircase to the Orcish Mines.
 10020 | D:11     | Noticed Harold
 10065 | D:11     | Killed Harold
 10065 | D:11     | Reached ***** piety under Trog
 10557 | D:11     | Noticed a two-headed ogre
 10566 | D:11     | Killed a two-headed ogre
 10898 | D:11     | Received a gift from Trog
 11023 | D:11     | Reached skill level 10 in Armour
 11186 | D:11     | Noticed Herrn's ghost (journeyman NaFE)
 11223 | D:11     | HP: 1/102 [Herrn's ghost (24)]
 11224 | D:11     | Demolished by Herrn's ghost

Vault maps used:
D:1:      minmay_arrival_five_plusses
D:2:      nicolae_qazlal_eye_of_the_storm, first_bread, nicolae_ru_path_of_blood
D:3:      amethyst_overflow_temple_binary, nrook_mini_vaults,
          minmay_ogre_servants
D:4:      overflow_temple_1_default, uniq_pikel, uniq_grinder
D:5:      led_sif_book, serial_shops, shop, serial_bayou_crossing
D:6:      minmay_temple_entry_fiery, portal_sewer_entry_f, uniq_blork_the_orc
D:7:      kennysheep_little_box
D:8:      nicolae_dithmenos_the_darkroom, basic_altar, grunt_ogre_cave,
          nrook_mini_backslash, minmay_misc_feat_ornament, eino_tiny_chamber,
          hangedman_abyss_or_decor_stagger
D:9:      minitemple
D:10:     minmay_lair_entry_lava, orc_0_dummy
D:11:     special_room, uniq_harold
Temple:   dshaligram_water_room_temple
Sewer:    sewer_frog_island_01

Skill      XL: |  1  2  3  4  5  6  7  8  9 10 11 |
---------------+----------------------------------+-----
Maces & Flails | 4 5 6 7 9 11 12 13 | 13.9
Fighting       | 4 5 6 7 9 10 11 | 11.5
Armour         | 3 4 5 6 7 9 10 | 10.0
Dodging        | |  1.5

Action                   |  1- 3 |  4- 6 |  7- 9 | 10-12 || total
-------------------------+-------+-------+-------+-------++-------
Melee: Mace              |   110 |   113 |       |       ||   223
       Flail             |       |    59 |   139 |       ||   198
       Dire flail        |       |       |   118 |   436 ||   554
 Fire: Hunting sling     |       |       |   186 |   114 ||   300
Invok: Berserk           |     1 |     1 |     1 |     4 ||     7
       Trog's Hand       |       |     1 |     1 |     6 ||     8
       Burn Spellbooks   |       |       |     3 |       ||     3
  Use: Scroll            |     1 |     8 |    14 |     7 ||    30
       Potion            |       |       |       |     2 ||     2
  Eat: Chunk             |     1 |     5 |    11 |    13 ||    30
       Royal jelly       |       |     1 |       |     2 ||     3
       Meat ration       |       |       |     1 |       ||     1
       Fruit             |       |       |       |     3 ||     3
Armor: Animal skin       |     7 |       |       |       ||     7
       Scale mail        |    48 |    84 |   125 |       ||   257
       Chain mail        |       |       |    38 |       ||    38
       Plate armour      |       |       |    15 |   218 ||   233
Dodge: Dodged            |    64 |   108 |   133 |   111 ||   416

Table legend:
 A = Spawn XP
 B = Non-spawn XP
 C = Spawn XP percentage of total XP
 D = Spawn monster count
 E = Non-spawn monster count
 F = Spawn count percentage of total count
 G = Total turns spent on level
                    A         B        C        D         E        F      G
               +---------+---------+-------+---------+---------+-------+---------
         Total |     989 |   14553 |   6.4 |      28 |     256 |   9.9 | 11224
               +---------+---------+-------+---------+---------+-------+---------
           D:1 |       7 |      26 |  21.2 |       3 |      11 |  21.4 |   863
           D:2 |       5 |     103 |   4.6 |       3 |      19 |  13.6 |  1256
           D:3 |      44 |     200 |  18.0 |       3 |      36 |   7.7 |   695
           D:4 |       6 |    1180 |   0.5 |       3 |      12 |  20.0 |   775
           D:5 |      50 |     679 |   6.9 |       1 |      22 |   4.3 |  1040
           D:6 |     249 |     585 |  29.9 |       4 |      18 |  18.2 |  1320
           D:7 |       0 |     801 |   0.0 |       0 |      16 |   0.0 |   577
           D:8 |     137 |    2718 |   4.8 |       2 |      34 |   5.6 |  1107
           D:9 |     199 |    1279 |  13.5 |       4 |      14 |  22.2 |  1044
          D:10 |     292 |    1364 |  17.6 |       5 |      13 |  27.8 |  1038
          D:11 |       0 |    5379 |   0.0 |       0 |      42 |   0.0 |   989
         Sewer |       0 |     239 |   0.0 |       0 |      19 |   0.0 |   518
               +---------+---------+-------+---------+---------+-------+---------
